 Dungeon Crawl Stone Soup version 0.29.0-5-ge4962eb29e (webtiles) character file.

Game seed: 10857060802773781561

483798 Ge0ff the Brawler (level 24, -1/212 HPs)
             Began as a Ghoul Fire Elementalist on Aug 29, 2022.
             Was a High Priest of Uskayaw.
             Killed from afar by an ancient lich (102 damage)
             ... with a crystal spear
             ... on level 5 of the Vaults.
             The game lasted 03:01:27 (61157 turns).

Ge0ff the Brawler (Ghoul Fire Elementalist)        Turns: 61157, Time: 03:01:27

Health: -1/212     AC: 38    Str: 33    XL:     24   Next: 23%
Magic:  36/36      EV: 19    Int: 22    God:    Uskayaw [*****.]
Gold:   5910       SH: 14    Dex: 12    Spells: 26/44 levels left

rFire   + + .      SeeInvis .     - Unarmed
rCold   + + +      Faith    .   p - +2 shield of Resistance {rF++ rC++ Will++}
rNeg    + + +      Spirit   .   U - +10 plate armour "Toumej" {Rampage rN+ Str+2 Dex+3}
rPois   ∞          Reflect  .   L - +2 hat
rElec   +          Harm     .   Q - +1 cloak of Starlight {*Dazzle EV+4 Stlth--}
rCorr   +          Rampage  +   x - +2 pair of gloves {Str+3}
Will    +++..                   N - +2 pair of boots
Stlth   ..........              Y - amulet of Crawling {*Slow rElec rPois Regen+ rCorr}
HPRegen 0.00/turn               h - ring "Zoinyifa" {Str+5 Int+6, =R}
MPRegen 0.25/turn               D - ring of the Heron {EV+4 Int+6 Stlth-}

@: inhibited regen
A: claws 1, cold resistance 1, negative energy resistance 3, inhibited
regeneration, torment resistance 2, devour on kill
}: 4/15 runes: decaying, silver, abyssal, gossamer
a: Renounce Religion, Stomp, Line Pass, Grand Finale


You were on level 5 of the Vaults.
You worshipped Uskayaw.
Uskayaw was pleased with you.
You visited 9 branches of the dungeon, and saw 42 of its levels.
You visited the Abyss 1 time.
You visited 1 bazaar.
You also visited: Gauntlet.

You collected 9505 gold pieces.
You spent 3595 gold pieces at shops.

Inventory:

Hand Weapons
 w - the +1 long sword of Otiss {freeze, *Rage +Blink Dex-4 Stlth+}
   (You found it on level 4 of the Spider Nest)

   It freezes those it strikes, dealing additional cold damage.
   It can also slow down cold-blooded creatures.
   Dex:       It affects your dexterity (-4).
   +Blink:    It lets you blink.
   *Rage:     It berserks you when you make melee attacks (+20% chance).
   Stlth:     It makes you more stealthy.
Missiles
 g - a throwing net {=F}
 t - 9 datura-tipped darts {=F}
 u - 147 stones (quivered)
 v - 8 atropa-tipped darts
 F - 5 silver javelins
 Z - 9 javelins
Armour
 p - the +2 shield of Resistance (worn) {rF++ rC++ Will++}
   (You took it off Donald on level 1 of the Spider Nest)

   rF:        It greatly protects you from fire.
   rC:        It greatly protects you from cold.
   Will:      It greatly increases your willpower.
 x - a +2 pair of gloves of strength (worn)
 L - a +2 hat (worn)
 N - a +2 pair of boots (worn)
 Q - the +1 cloak of Starlight (worn) {*Dazzle EV+4 Stlth--}
   (You bought it in a shop on level 9 of the Dungeon)

   It may blind those who miss an attack against the wearer in melee combat.
   EV:        It affects your evasion (+4).
   Stlth:     It makes you much less stealthy.
 U - the +10 plate armour "Toumej" (worn) {Rampage rN+ Str+2 Dex+3}
   (You found it on level 14 of the Dungeon)

   Str:       It affects your strength (+2).
   Dex:       It affects your dexterity (+3).
   rN:        It protects you from negative energy.
   Rampage:   It bestows one free step when moving towards enemies.
Jewellery
 b - the ring of Orros {AC+4 Int+4}
   (You bought it in a shop on level 2 of the Orcish Mines)

   [ring of protection]

   AC:        It affects your AC (+4).
   Int:       It affects your intelligence (+4).
 h - the ring "Zoinyifa" (left hand) {Str+5 Int+6, =R}
   (You found it in a Gauntlet)

   [ring of intelligence]

   Str:       It affects your strength (+5).
   Int:       It affects your intelligence (+6).
 r - a ring of see invisible
 D - the ring of the Heron (right hand) {EV+4 Int+6 Stlth-}
   (You took it off a deep elf annihilator on level 3 of the Elven Halls)

   [ring of evasion]

   EV:        It affects your evasion (+4).
   Int:       It affects your intelligence (+6).
   Stlth:     It makes you less stealthy.
 Y - the amulet of Crawling (around neck) {*Slow rElec rPois Regen+ rCorr}
   (You found it on level 14 of the Dungeon)

   [amulet of regeneration]

   rElec:     It insulates you from electricity.
   rPois:     It protects you from poison.
   Regen:     It increases your rate of health regeneration.
   rCorr:     It protects you from acid and corrosion.
   *Slow:     It may slow you when you take damage.
Wands
 d - a wand of digging (5)
 e - a wand of charming (50)
 f - a wand of flame (125)
 j - a wand of light (39)
 k - a wand of iceblast (34)
 s - a wand of mindburst (37)
 P - a wand of polymorph (16)
Scrolls
 a - 6 scrolls of butterflies
 i - 32 scrolls of identify
 m - 9 scrolls of magic mapping
 y - 4 scrolls of immolation
 B - 5 scrolls of blinking
 C - 5 scrolls of poison
 E - 14 scrolls of fear
 G - 5 scrolls of enchant armour
 J - a scroll of silence {!r}
 S - 8 scrolls of summoning
 T - 7 scrolls of teleportation
 V - 3 scrolls of vulnerability
Potions
 o - 18 potions of ambrosia
 q - 11 potions of curing
 z - 10 potions of brilliance
 A - 4 potions of attraction
 H - 5 potions of haste {!q}
 I - 2 potions of invisibility
 K - 10 potions of magic {!q}
 M - 9 potions of might
 R - 4 potions of resistance
 W - 10 potions of heal wounds {!q}
 X - 4 potions of flight
Miscellaneous
 c - a condenser vane (inert)
 l - a lightning rod (4/4)
 n - a phial of floods
 O - a box of beasts


   Skills:
 + Level 16.8 Fighting
 - Level 6.0 Throwing
 + Level 13.8 Armour
 - Level 9.3 Dodging
 - Level 5.0 Stealth
 + Level 12.7 Shields
 - Level 20.4 Unarmed Combat
 + Level 10.7 Spellcasting
 * Level 11.0 Conjurations
 - Level 7.0 Translocations
 * Level 11.5 Transmutations
 - Level 3.0 Fire Magic
 - Level 13.4 Invocations
 - Level 11.2 Evocations


You had 26 spell levels left.
You knew the following spells:

 Your Spells              Type           Power      Damage    Failure   Level
c - Blink                 Tloc           84%        N/A       4%          2
g - Apportation           Tloc           84%        N/A       3%          1
y - Yara's Violent Unrav  Hex/Tmut       18%        3d9       82%         5
C - Manifold Assault      Tloc           42%        N/A       65%         5
E - Irradiate             Conj/Tmut      28%        3d21      16%         5

Your spell library contained the following spells:

 Spells                   Type           Power      Damage    Failure   Level
 Foxfire                  Conj/Fire      100%       2x1d9     3%          1
 Shock                    Conj/Air       100%       1d9       6%          1
 Static Discharge         Conj/Air       35%        3-8/arc   9%          2
 Conjure Flame            Conj/Fire      42%        6-21      10%         3
 Lesser Beckoning         Tloc           42%        N/A       10%         3
 Scorch                   Fire           48%        2d7       24%         2
 Flame Wave               Conj/Fire      42%        2d11      30%         4
 Mephitic Cloud           Conj/Pois/Air  27%        N/A       36%         3
 Portal Projectile        Hex/Tloc       54%        N/A       36%         3
 Petrify                  Tmut/Erth      37%        N/A       45%         4
 Necrotise                Necr           44%        1d6       50%         1
 Slow                     Hex            44%        N/A       50%         1
 Summon Small Mammal      Summ           44%        N/A       50%         1
 Ensorcelled Hibernation  Hex/Ice        22%        N/A       63%         2
 Poisonous Vapours        Pois/Air       22%        N/A       63%         2
 Inner Flame              Hex/Fire       18%        N/A       65%         3
 Fireball                 Conj/Fire      21%        3d10      65%         5
 Alistair's Intoxication  Tmut/Pois      24%        N/A       82%         5
 Call Canine Familiar     Summ           11%        N/A       86%         3
 Confusing Touch          Hex            11%        N/A       86%         3
 Frozen Ramparts          Ice            22%        1d4       86%         3
 Ozocubu's Armour         Ice            11%        N/A       86%         3
 Summon Guardian Golem    Hex/Summ       11%        N/A       86%         3
 Tukima's Dance           Hex            11%        N/A       86%         3
 Vampiric Draining        Necr           11%        2d6       86%         3
 Anguish                  Hex/Necr       5%         N/A       99%         4
 Animate Dead             Necr           11%        N/A       99%         4
 Corpse Rot               Necr/Pois/Air  11%        N/A       99%         4
 Dispel Undead            Necr           11%        3d9       99%         4
 Leda's Liquefaction      Hex/Erth       5%         N/A       99%         4
 Olgreb's Toxic Radiance  Pois           11%        N/A       99%         4
 Summon Ice Beast         Ice/Summ       11%        N/A       99%         4
 Starburst                Conj/Fire      21%        6d7       99%         6
 Orb of Destruction       Conj           28%        9d9       99%         7
 Agony                    Necr           11%        N/A       100%        5
 Summon Mana Viper        Hex/Summ       11%        N/A       100%        5
 Conjure Ball Lightning   Conj/Air       17%        3x3d6     100%        6
 Death Channel            Necr           5%         N/A       100%        6
 Eringya's Noxious Bog    Tmut/Pois      18%        N/A       100%        6
 Iron Shot                Conj/Erth      17%        9d4       100%        6
 Simulacrum               Ice/Necr       5%         N/A       100%        6
 Enfeeble                 Hex            5%         N/A       100%        7
 Haunt                    Necr/Summ      5%         N/A       100%        7
 Monstrous Menagerie      Summ           5%         N/A       100%        7
 Ozocubu's Refrigeration  Ice            5%         4d8       100%        7
 Spellforged Servitor     Conj/Summ      17%        N/A       100%        7
 Ignition                 Fire           12%        3d6       100%        8
 Infestation              Necr           5%         N/A       100%        8
 Summon Horrible Things   Summ           5%         N/A       100%        8
 Blade Hands              Tmut           Unusable   N/A       N/A         5
 Spider Form              Tmut/Pois      Unusable   N/A       N/A         3
 Ice Form                 Ice/Tmut       Unusable   N/A       N/A         4
 Sublimation of Blood     Necr           Unusable   N/A       N/A         2

Dungeon Overview and Level Annotations

Branches:
Dungeon (15/15) Zot: 24541  Temple (0/1) D:5            Lair (5/5) D:9 Zot: 22785
  Swamp (4/4) Lair:2 Zot: 20447  Spider (4/4) Lair:3 Zot: 16659   Slime (0/5) Lair:5
    Orc (2/2) D:10 Zot: 10412     Elf (3/3) Orc:2 Zot: 13506  Vaults (5/5) D:13 Zot: 22661
  Crypt (3/3) Vaults:2 Zot: 14770    Tomb (1/3) Crypt:3 Zot: 4903  Depths (0/4) D:15
Gauntlet (visited)

Altars:
Cheibriados
Fedhas
Sif Muna
Uskayaw
Vehumet
Xom
Jiyva

Shops:
D:9 [   D:10 (*?*:   D:14 :   Orc:2 [=(*=   Elf:1 :   Elf:2 ?   Elf:3 *
Vaults:1 *   Vaults:2 *   Vaults:3 *:**(

Annotations:
D:15 exclusion: downstairs


Innate Abilities, Weirdness & Mutations

You are immune to poison.
You have sharp fingernails.
Your flesh is cold resistant. (rC+)
You are immune to negative energy. (rN+++)
You do not regenerate when monsters are visible.
You are immune to unholy pain and torment.
You thrive by killing the living.


Message History

You hear a shout!
The shadow dragon bites you but does no damage.
The shadow dragon claws you but does no damage. x2
You barely miss the shadow dragon.
The shadow dragon is severely wounded.
You closely miss the shadow dragon.
The shadow dragon is severely wounded.
The shadow dragon bites you. The shadow dragon claws you!
The shadow dragon misses you.
You punch the shadow dragon!
The shadow dragon is almost dead.
The shadow dragon bites you! The shadow dragon barely misses you.
You block the shadow dragon's attack.
You closely miss the shadow dragon.
The shadow dragon is almost dead.
You closely miss the shadow dragon.
The shadow dragon is almost dead.
The shadow dragon bites you!
The shadow dragon claws you but does no damage.
The shadow dragon claws you.
Uskayaw prepares the audience for your solo!
The helpless shadow dragon fails to defend itself.
You beat the shadow dragon into a bloody pulp!!!
You kill the shadow dragon!
A fire giant comes into view.
It is wielding a +0 great sword of flaming.
You can now merge with and destroy a victim.
Your Conjurations skill increases to level 11!
A fire giant is nearby!
You pummel the fire giant!!
The fire giant is lightly wounded.
The fire giant hits you with a +0 great sword of flaming.
You hit the fire giant.
The fire giant is lightly wounded.
You hit the fire giant but do no damage.
The fire giant is lightly wounded.
An ancient lich comes into view.
Throw: 2 throwing nets {=F}
Press: ? - help, Shift-Dir - straight line, f - ancient lich
Aim: an ancient lich (69% to hit)
You throw a throwing net {=F}.
The throwing net {=F} hits the ancient lich.
The ancient lich is caught in the net!
You catch the helpless ancient lich completely off-guard!
You pummel the ancient lich!!
The ancient lich is moderately damaged.
You hit the ancient lich but do no damage.
The ancient lich is moderately damaged.
The ancient lich gestures at you while chanting.
The crystal spear hits you!!!!
You die...

.# #. #. #....#.## .
#....#..##
D####....#..)##
##.#.#....##...##
#c..##....##..).##
#C###....#......#
##L#.......(##....
########@)†.......#######
.........................
...................).....
#########################


You could see an ancient lich (caught).

Vanquished Creatures
  An ancient lich (Crypt:3)
  2 dread liches
  2 royal mummies (Tomb:1)
  Saint Roka (Orc:2)
  A bone dragon (Crypt:3)
  Arachne (Spider:2)
  Jorgrun (D:15)
  Rupert (D:13)
  Zenata (Elf:2)
  2 liches (Crypt:3)
  A deep elf blademaster (Elf:3)
  Asterion (Elf:3)
  A titan (Vaults:5)
  2 deep elf master archers (Elf:3)
  A quicksilver dragon (Vaults:5)
  Gastronok (Lair:1)
  A tentacled starspawn (Abyss:3)
  6 ancient champions
  9 sphinxes
  3 tengu reavers
  Frances (Spider:2)
  Donald (Spider:1)
  5 storm dragons
  2 shadow dragons (Vaults:5)
  2 fenstrider witches
  2 fire giants (Vaults:5)
  3 iron dragons
  5 revenants
  2 frost giants
  Aizul (Vaults:2)
  2 orc warlords
  5 emperor scorpions
  19 vault wardens
  6 deep elf sorcerers
  7 ghost moths
  6 deep elf elementalists (Elf:3)
  A curse skull (Crypt:3)
  2 reapers (Crypt:2)
  10 ghouls
  19 ironbound preservers
  2 war gargoyles
  3 stone giants (Vaults:5)
  12 very ugly things
  7 deep elf annihilators (Elf:3)
  6 ironbound thunderhulks
  5 vampire knights
  9 starcursed masses (Abyss:3)
  Azrael (D:12)
  A bunyip (Swamp:4)
  10 deep elf demonologists
  5 entropy weavers
  5 eleionomae
  8 dire elephants
  A spark wasp (Spider:4)
  5 eidola
  2 minotaurs
  A blizzard demon (Abyss:3)
  3 deep elf death magi (Elf:3)
  3 fire dragons
  7 jiangshi
  A crystal guardian (Vaults:2)
  2 ettins
  6 mummy priests (Tomb:1)
  3 deep elf high priests
  A shambling mangrove (Swamp:4)
  12 yaktaur captains
  25 vault guards
  Erolcha (D:10)
  Fannar (D:10)
  5 great orbs of eyes
  2 ice dragons
  9 boulder beetles
  Harold (D:11)
  A catoblepas (D:15)
  A ghost crab (Swamp:4)
  3 death knights
  12 ironbound frosthearts
  4 peacekeepers
  17 hydras
  15 centaur warriors
  2 spriggan skeletons
  6 two-headed ogres
  13 alligators
  A radroach (Spider:3)
  21 death scarabs (Tomb:1)
  3 tengu warriors (D:13)
  6 vampire magi
  6 death yaks (Lair:5)
  Urug (Lair:5)
  25 dancing weapons
  2 thrashing horrors (Abyss:3)
  2 spriggan berserkers (Swamp:4)
  16 deep elf knights
  2 orc high priests
  A sun demon (D:11)
  A hell knight (Vaults:5)
  A shock serpent (shapeshifter) (Vaults:5)
  Nergalle (Orc:1)
  5 soul eaters
  3 goliath frogs (Swamp:3)
  Amaemon (Lair:3)
  Lodul (D:11)
  9 pharaoh ants
  2 shadow wraiths (Crypt:3)
  17 skeletal warriors
  A sun moth (Spider:1)
  A deep troll (shapeshifter) (Vaults:3)
  2 storm dragon skeletons
  4 flayed ghosts
  4 spriggan druids
  A glowing orange brain (Vaults:4)
  8 steelbarb worms
  37 deep trolls
  8 orb spiders
  9 phantasmal warriors
  13 deep elf archers
  13 bog bodies
  5 swamp dragons
  A large abomination (Abyss:3)
  15 ironbound convokers
  Pikel (D:4)
  A spriggan simulacrum (Crypt:1)
  8 lindwurms
  A steelbarb worm (shapeshifter) (Vaults:1)
  9 wizards
  A wolf spider zombie (Crypt:2)
  A broodmother zombie (Crypt:2)
  3 necromancers
  18 wolf spiders
  33 deep elf pyromancers
  16 deep elf zephyrmancers
  4 orc sorcerers
  A mana viper (shapeshifter) (Elf:1)
  16 orc knights
  18 ugly things
  A jorogumo skeleton (Crypt:2)
  3 manticores
  6 cyclopes
  A cyclops (shapeshifter) (Vaults:5)
  15 vault sentinels
  3 will-o-the-wisps
  A worldbinder (Abyss:3)
  10 elephants
  5 moths of wrath
  Joseph (Lair:1)
  A human skeleton (Vaults:3)
  A frost giant skeleton (Crypt:2)
  5 torpor snails
  An iron dragon skeleton (Crypt:1)
  5 black mambas
  3 orange demons
  2 molten gargoyles (Lair:5)
  5 cane toads
  3 unseen horrors (D:12)
  3 smoke demons (Abyss:3)
  A centaur skeleton (Tomb:1)
  11 komodo dragons
  A black draconian zombie (Crypt:3)
  A gargoyle (D:13)
  28 yaktaurs
  A yaktaur (shapeshifter) (D:13)
  5 rime drakes
  A shock serpent skeleton (Crypt:1)
  An efreet (D:13)
  A demonic crawler (Spider:4)
  4 freezing wraiths
  5 polar bears
  A red devil (D:11)
  A red draconian skeleton (Crypt:1)
  8 guardian mummies
  2 ancient zymes (Abyss:3)
  A pale draconian skeleton (Crypt:1)
  A bloated husk (Swamp:2)
  10 trolls
  A troll (shapeshifter) (Vaults:5)
  30 tarantellas
  A mana viper skeleton (Crypt:1)
  18 hornets
  3 meliai (Spider:1)
  2 queen bees
  A polar bear (shapeshifter) (Vaults:5)
  9 blink frogs
  6 tyrant leeches
  7 raiju (Abyss:3)
  23 slime creatures
  10 dream sheep (Lair:5)
  A tarantella zombie (Crypt:3)
  2 harpy skeletons
  An iron dragon simulacrum (Abyss:3)
  19 flying skulls
  3 air elementals (Elf:1)
  19 culicivoras
  Sigmund (D:2)
  A culicivora (shapeshifter) (D:10)
  An ettin skeleton (Crypt:2)
  A ynoxinul (Abyss:3)
  33 jumping spiders
  4 shadows
  The ghost of Plasmagod the Covert, an amateur SpDe (D:14)
  9 wyverns
  A water elemental (Elf:2)
  A human (shapeshifter) (D:15)
  2 ushabtiu (Tomb:1)
  10 spriggans
  9 wraiths
  4 vampires
  A basilisk (shapeshifter) (D:13)
  6 basilisks
  4 steam dragons
  A human (D:13)
  Grum (D:9)
  3 chaos spawn
  44 yaks
  2 fire elementals (D:12)
  A neqoxec (Abyss:3)
  11 vampire mosquitoes
  2 small abominations (Abyss:3)
  46 redbacks
  A glowing shapeshifter zombie (Vaults:3)
  A human simulacrum (Vaults:2)
  20 swamp worms
  An acid dragon (D:10)
  5 wargs
  15 water moccasins
  7 hell hounds
  A merfolk skeleton (Crypt:2)
  An ice beast (D:8)
  27 orc warriors
  A blink frog zombie (Crypt:3)
  2 sky beasts (D:7)
  3 black bears
  The ghost of eelars the Ruffian, an amateur TrTm (D:4)
  11 swamp drakes
  An ettin simulacrum (Vaults:3)
  14 ogres
  14 boggarts
  A centaur (shapeshifter) (D:10)
  3 centaurs
  8 wolves
  3 phantoms
  A hog skeleton (Crypt:2)
  A kobold brigand (D:7)
  12 bullfrogs
  A gnoll sergeant (D:6)
  3 necrophages
  3 scorpions
  2 earth elementals
  A wight (D:10)
  A shapeshifter zombie (Crypt:3)
  38 killer bees
  7 howler monkeys
  3 electric eels
  4 lava snakes (Lair:5)
  2 hounds
  A black bear zombie (Crypt:1)
  3 jellies (D:6)
  Crazy Yiuf (D:3)
  A gnoll bouda (D:7)
  25 orc priests
  3 iguanas
  Ijyb (D:3)
  Terence (D:2)
  A black bear skeleton (Crypt:1)
  28 orc wizards
  A hound zombie (Crypt:3)
  A hound skeleton (Crypt:1)
  27 mummies
  32 gnolls
  8 adders
  2 white imps
  An ufetubus (Vaults:1)
  A worm zombie (Crypt:1)
  A worm (D:5)
  2 dart slugs
  125 orcs
  12 ball pythons
  3 bats
  5 endoplasms
  3 giant cockroaches
  A gnoll zombie (Crypt:3)
  6 hobgoblins
  4 jackals (D:3)
  3 quokkas
  A ball python zombie (Crypt:3)
  6 frilled lizards
  9 goblins
  A goblin skeleton (Crypt:3)
  9 kobolds
  A kobold skeleton (Crypt:1)
  5 rats
  3 briar patches (Swamp:2)
  2 lurking horrors (Abyss:3)
1834 creatures vanquished.

Vanquished Creatures (collateral kills)
  Mlioglotl (Spider:2)
  An ironbound thunderhulk (Vaults:1)
  A dire elephant (Vaults:1)
  A tengu warrior (D:15)
  A deep troll (D:15)
  A harpy (Vaults:1)
  2 tengu conjurers (D:15)
  A culicivora (Spider:2)
  A necrophage (Crypt:3)
  An orc priest (D:9)
  2 orc wizards (D:9)
13 creatures vanquished.

Vanquished Creatures (others)
  A deep elf sorcerer (Vaults:5)
  A deep elf elementalist (Elf:3)
  A boulder beetle (D:14)
  A hydra (Swamp:2)
  A deep troll (D:15)
  A swamp dragon (Swamp:3)
  3 deep elf zephyrmancers
  A will-o-the-wisp (Swamp:4)
  2 bloated husks
  A harpy skeleton (Crypt:3)
  A redback (Spider:4)
  A swamp worm (Swamp:4)
  An orc (Elf:1)
  24 demonic plants
  543 foxfires
  17 fungi
  43 plants
  4 starspawn tentacles (Abyss:3)
647 creatures vanquished.

Grand Total: 2494 creatures vanquished

Notes
Turn   | Place    | Note
-------+----------+-------------------------------------------
     0 | D:1      | Ge0ff the Ghoul Fire Elementalist began the quest for the
                  | Orb.
     0 | D:1      | Reached XP level 1. HP: 14/14 MP: 2/2
    66 | D:1      | Reached skill level 1 in Conjurations
   442 | D:1      | Reached skill level 1 in Unarmed Combat
   442 | D:1      | Reached XP level 2. HP: 20/20 MP: 0/4
  1201 | D:2      | Reached skill level 2 in Unarmed Combat
  1239 | D:2      | You fall into a shaft and drop 1 floor!
  1364 | D:3      | Reached XP level 3. HP: 26/26 MP: 3/5
  1575 | D:3      | Noticed Ijyb
  1631 | D:3      | Reached skill level 3 in Unarmed Combat
  1941 | D:2      | Reached skill level 1 in Fighting
  1941 | D:2      | Reached XP level 4. HP: 35/35 MP: 2/6
  1976 | D:2      | Noticed Terence
  1999 | D:2      | Killed Terence
  2319 | D:2      | Noticed Sigmund
  2331 | D:2      | Killed Sigmund
  2332 | D:2      | Reached skill level 5 in Unarmed Combat
  2332 | D:2      | Reached XP level 5. HP: 45/45 MP: 1/7
  2332 | D:2      | Reached XP level 6. HP: 51/51 MP: 1/8
  2997 | D:3      | Found a shimmering altar of Xom.
  2999 | D:3      | Found a snail-covered altar of Cheibriados.
  2999 | D:3      | Found a hide-covered altar of Uskayaw.
  3002 | D:3      | Found a shimmering blue altar of Sif Muna.
  3029 | D:3      | Became a worshipper of Uskayaw the Reveller
  3176 | D:3      | Found a runed translucent door.
  3177 | D:3      | Noticed Crazy Yiuf
  3223 | D:4      | Noticed Pikel
  3226 | D:4      | Reached * piety under Uskayaw
  3508 | D:4      | Noticed a black bear
  3518 | D:4      | Reached ** piety under Uskayaw
  3519 | D:4      | Reached *** piety under Uskayaw
  3520 | D:4      | Killed a black bear
  3521 | D:4      | Reached skill level 1 in Armour
  3593 | D:4      | Killed Pikel
  3594 | D:4      | Reached skill level 5 in Fighting
  3594 | D:4      | Reached skill level 7 in Unarmed Combat
  3594 | D:4      | Reached XP level 7. HP: 48/61 MP: 1/9
  3594 | D:4      | Reached XP level 8. HP: 54/68 MP: 1/10
  4340 | D:4      | Found a runed translucent door.
  4640 | D:4      | Noticed eelars's ghost (amateur TrTm)
  4698 | D:5      | Entered Level 5 of the Dungeon
  4726 | D:5      | Found a staircase to the Ecumenical Temple.
  4862 | D:4      | Reached **** piety under Uskayaw
  4867 | D:4      | Killed eelars's ghost
  4868 | D:4      | Reached skill level 1 in Evocations
  5864 | D:5      | Reached skill level 8 in Unarmed Combat
  5864 | D:5      | Reached XP level 9. HP: 74/74 MP: 5/11
  6254 | D:6      | Reached ***** piety under Uskayaw
  6535 | D:6      | Noticed a two-headed ogre
  6874 | D:6      | Reached skill level 9 in Unarmed Combat
  7049 | D:6      | Killed a two-headed ogre
  7050 | D:6      | Reached skill level 10 in Unarmed Combat
  7050 | D:6      | Reached skill level 1 in Throwing
  8155 | D:7      | Reached XP level 10. HP: 83/83 MP: 6/12
  8179 | D:7      | Reached skill level 5 in Invocations
  9035 | D:3      | Killed Crazy Yiuf
  9123 | D:3      | Killed Ijyb
  9155 | D:3      | Found a snail-covered altar of Cheibriados.
  9329 | D:3      | Found a shimmering altar of Xom.
  9329 | D:3      | Found a hide-covered altar of Uskayaw.
  9329 | D:3      | Found a shimmering blue altar of Sif Muna.
  9586 | D:8      | Reached skill level 11 in Unarmed Combat
  9920 | D:8      | Reached skill level 12 in Unarmed Combat
 10559 | D:8      | Noticed a two-headed ogre
 10565 | D:8      | Killed a two-headed ogre
 10989 | D:8      | Learned a level 2 spell: Blink
 11050 | D:9      | Reached XP level 11. HP: 91/91 MP: 14/14
 11143 | D:9      | Noticed a two-headed ogre
 11145 | D:9      | Noticed a two-headed ogre
 11155 | D:9      | Killed a two-headed ogre
 11164 | D:9      | Killed a two-headed ogre
 11165 | D:9      | Reached skill level 5 in Armour
 11344 | D:9      | Found Osose's Antique Armour Emporium.
 11364 | D:9      | Noticed Grum
 11393 | D:9      | Reached skill level 13 in Unarmed Combat
 11393 | D:9      | Killed Grum
 11460 | D:9      | Noticed a manticore
 11475 | D:9      | Killed a manticore
 11567 | D:9      | Found a staircase to the Lair.
 11652 | D:9      | Reached ****** piety under Uskayaw
 11658 | D:9      | Reached skill level 14 in Unarmed Combat
 12188 | D:10     | Entered Level 10 of the Dungeon
 12277 | D:10     | Found Waesohun's Assorted Antiques.
 12302 | D:10     | Bought an emerald potion for 22 gold pieces
 12302 | D:10     | Bought a clear potion for 22 gold pieces
 12302 | D:10     | Bought a scroll labelled DUQIURI FIPNA for 25 gold pieces
 12578 | D:10     | Found a staircase to the Orcish Mines.
 12584 | D:10     | Found Measag's Antique Weapon Boutique.
 12594 | D:10     | Noticed Erolcha
 12632 | D:10     | Killed Erolcha
 12633 | D:10     | Reached skill level 1 in Shields
 12823 | D:10     | Noticed Fannar
 12960 | D:10     | Killed Fannar
 12961 | D:10     | Reached skill level 1 in Translocations
 13180 | D:10     | Reached XP level 12. HP: 98/100 MP: 15/15
 13259 | D:10     | Found Ylipukhlutwy's Assorted Antiques.
 13260 | D:10     | Found Radinuoz's Magic Scroll Emporium.
 13277 | D:10     | Found Hiaps's Book Shop.
 13283 | D:10     | Noticed a two-headed ogre
 13292 | D:10     | Killed a two-headed ogre
 13954 | D:11     | Noticed Lodul
 14053 | D:11     | Noticed a six-headed hydra
 14068 | D:11     | Killed a six-headed hydra
 14071 | D:11     | Noticed a boulder beetle
 14233 | D:11     | Noticed a sun demon
 14239 | D:10     | Killed a boulder beetle
 14797 | D:11     | Noticed Harold
 14909 | D:11     | Killed Harold
 14910 | D:11     | Reached skill level 5 in Evocations
 15271 | D:11     | Found a blossoming altar of Fedhas.
 15508 | Lair:1   | Entered Level 1 of the Lair of Beasts
 15639 | Lair:1   | Noticed Joseph
 15652 | Lair:1   | Killed Joseph
 15739 | Lair:1   | Noticed Gastronok
 15765 | Lair:1   | Killed Gastronok
 15766 | Lair:1   | Reached XP level 13. HP: 104/107 MP: 13/17
 16088 | Lair:1   | Reached skill level 15 in Unarmed Combat
 16918 | Lair:2   | Found a staircase to the Swamp.
 17525 | Lair:3   | Reached skill level 5 in Dodging
 17749 | Lair:3   | Noticed Amaemon
 17789 | Lair:3   | Killed Amaemon
 18176 | Lair:3   | Found a hole to the Spider Nest.
 18467 | D:9      | Bought the +1 cloak of Starlight {*Dazzle EV+4 Stlth--} for
                  | 884 gold pieces
 18467 | D:9      | Found the +1 cloak of Starlight {*Dazzle EV+4 Stlth--}
 18599 | Lair:3   | Reached skill level 5 in Shields
 19620 | Lair:4   | Reached XP level 14. HP: 118/118 MP: 20/20
 20040 | Lair:5   | Entered Level 5 of the Lair of Beasts
 20174 | Lair:5   | Reached skill level 5 in Spellcasting
 20176 | Lair:5   | Reached skill level 5 in Translocations
 20184 | Lair:5   | Found a staircase to the Slime Pits.
 20184 | Lair:5   | Found a viscous altar of Jiyva.
 20490 | Lair:5   | Noticed Urug
 20524 | Lair:5   | Killed Urug
 21151 | Lair:5   | Identified the ring of Lust {rC+ AC+4}
 21350 | Lair:5   | Reached skill level 10 in Fighting
 21742 | Lair:5   | Found a large runed translucent door.
 21742 | Lair:5   | Found a large runed translucent door.
 21945 | Lair:5   | Reached skill level 16 in Unarmed Combat
 23088 | D:11     | Killed Lodul
 24015 | D:12     | Noticed Azrael
 24037 | D:12     | Reached XP level 15. HP: 86/128 MP: 21/21
 24048 | D:12     | HP: 3/128 [Azrael/fireball (24)]
 24050 | D:12     | Killed Azrael
 24051 | D:12     | Reached skill level 10 in Invocations
 25251 | D:13     | Noticed Rupert
 25264 | D:13     | Killed Rupert
 25559 | D:13     | Identified the +7 mace of Precise Incision {drain, rF-
                  | Int+8}
 26401 | D:13     | Found a gateway to a bazaar.
 26450 | D:14     | Found a gate leading to a gauntlet.
 26771 | Gauntlet | Entered a Gauntlet
 26771 | Gauntlet | Found a transporter.
 26771 | Gauntlet | Found a transporter.
 26771 | Gauntlet | Found a transporter.
 26798 | Gauntlet | Found a transporter.
 26800 | Gauntlet | Found a transporter.
 26802 | Gauntlet | Found a transporter.
 26809 | Gauntlet | Found a transporter.
 26811 | Gauntlet | Found a transporter.
 26811 | Gauntlet | Found a transporter.
 26813 | Gauntlet | Found a transporter.
 26822 | Gauntlet | Found a transporter.
 26824 | Gauntlet | Found a transporter.
 27080 | Gauntlet | Identified the ring "Zoinyifa" {Str+5 Int+6}
 27085 | Gauntlet | Identified the +3 buckler of Filth {Fly Int-5 SInv Stlth+}
 27386 | Gauntlet | Identified the +9 trident of Courage {drain, rPois Int+4
                  | Dex-4}
 27517 | D:14     | Found a runed translucent gate.
 27517 | D:14     | Found a runed translucent gate.
 27533 | D:14     | Found a runed translucent gate.
 27553 | D:14     | Found Javuruow's Book Shoppe.
 27563 | D:14     | Noticed Plasmagod's ghost (amateur SpDe)
 27803 | D:14     | Identified the amulet of Crawling {*Slow rElec rPois Regen+
                  | rCorr}
 27946 | D:14     | Found a radiant altar of Vehumet.
 28124 | D:14     | Noticed Louise
 28132 | D:14     | Noticed Louise
 28132 | D:14     | Louise changed into Louise the ice dragon
 28138 | D:14     | Killed Louise the ice dragon
 28464 | D:14     | Killed Plasmagod's ghost
 28550 | D:14     | Identified the +10 plate armour "Toumej" {Rampage rN+ Str+2
                  | Dex+3}
 28576 | D:15     | Entered Level 15 of the Dungeon
 28674 | D:15     | Identified a scroll of acquirement
 28675 | D:15     | Acquired 674 gold pieces
 28907 | D:15     | Noticed Jorgrun
 28927 | D:15     | Killed Jorgrun
 29335 | D:15     | Reached XP level 16. HP: 59/139 MP: 23/23
 29458 | D:15     | Found a staircase to the Depths.
 29789 | Orc:1    | Entered Level 1 of the Orcish Mines
 29888 | Orc:1    | Reached skill level 17 in Unarmed Combat
 30046 | Orc:2    | Entered Level 2 of the Orcish Mines
 30105 | Orc:2    | Found a staircase to the Elven Halls.
 30140 | Orc:1    | Noticed Nergalle
 30153 | Orc:1    | Killed Nergalle
 30432 | Orc:2    | Noticed Saint Roka
 30617 | Orc:2    | Found Isetewanu's Jewellery Shop.
 30780 | Orc:2    | Killed Saint Roka
 30910 | Orc:2    | Found Vumoosk's Antique Armour Shoppe.
 30991 | Orc:2    | Found Fate's Antique Weapon Shoppe.
 31019 | Orc:2    | Found Emios's General Store.
 31026 | Orc:2    | Bought a potion of resistance for 140 gold pieces
 31026 | Orc:2    | Bought a scroll of fear for 56 gold pieces
 31154 | Orc:2    | Found Giasatol's Jewellery Shoppe.
 31471 | D:13     | Found a gate to the Vaults.
 31590 | Bazaar   | Entered a bazaar
 31590 | Bazaar   | Found Wolloc's Book Shoppe.
 31598 | Bazaar   | Found Adatuzisch's Distillery.
 31604 | Bazaar   | Found Kast's Magic Scroll Shoppe.
 31613 | Bazaar   | Found Guygam's Assorted Antiques.
 31621 | Bazaar   | Bought a wand of digging (1) for 79 gold pieces
 31621 | Bazaar   | Bought a scroll of poison for 76 gold pieces
 31675 | Bazaar   | Bought 2 potions of heal wounds for 110 gold pieces
 31675 | Bazaar   | Bought a potion of haste for 110 gold pieces
 31675 | Bazaar   | Bought a potion of curing for 33 gold pieces
 31675 | Bazaar   | Bought a potion of might for 44 gold pieces
 31675 | Bazaar   | Bought a potion of might for 44 gold pieces
 31675 | Bazaar   | Bought a potion of haste for 110 gold pieces
 31681 | Bazaar   | Bought a scroll of torment for 104 gold pieces
 31681 | Bazaar   | Bought a scroll of summoning for 104 gold pieces
 31694 | Bazaar   | Bought a book of Party Tricks for 144 gold pieces
 31694 | Bazaar   | Bought a book of Misfortune for 324 gold pieces
 31696 | Bazaar   | Learned a level 1 spell: Apportation
 31702 | Bazaar   | Learned a level 5 spell: Yara's Violent Unravelling
 31708 | Bazaar   | Learned a level 5 spell: Manifold Assault
 31891 | Spider:1 | Entered Level 1 of the Spider Nest
 32431 | Spider:1 | Noticed Donald
 32443 | Spider:1 | You are sucked into a shaft and drop 1 floor!
 32677 | Spider:2 | Reached skill level 10 in Evocations
 32784 | Spider:2 | Noticed Mlioglotl
 32803 | Spider:2 | Killed Mlioglotl
 32982 | Spider:2 | Noticed Arachne
 32994 | Spider:2 | Killed Arachne
 33035 | Spider:2 | Noticed Frances
 33048 | Spider:2 | Killed Frances
 33346 | Spider:2 | Reached XP level 17. HP: 148/148 MP: 25/25
 34367 | Spider:3 | Reached skill level 18 in Unarmed Combat
 34678 | Spider:3 | Identified the +9 plate armour of the Planets {Rampage
                  | rPois Int+3}
 35747 | Spider:4 | Entered Level 4 of the Spider Nest
 36606 | Spider:4 | Identified the +1 long sword of Otiss {freeze, *Rage +Blink
                  | Dex-4 Stlth+}
 37932 | Spider:4 | Got a gossamer rune of Zot
 38729 | Spider:1 | Killed Donald
 39074 | Spider:1 | Reached XP level 18. HP: 149/158 MP: 26/26
 39710 | Swamp:1  | Entered Level 1 of the Swamp
 40062 | Swamp:1  | Reached skill level 5 in Throwing
 40475 | Swamp:2  | Found a transporter.
 40502 | Swamp:2  | Reached skill level 10 in Armour
 40502 | Swamp:2  | Found a transporter.
 41059 | Swamp:2  | Identified the ring of the Enemy {rN+ Will- rCorr Str+4}
 41063 | Swamp:2  | Identified the +0 pair of gloves of the Hurricane {rC+
                  | Dex+5}
 41066 | Swamp:2  | Identified the amulet "Mutur" {Reflect Str+2 SH+5}
 41873 | Swamp:3  | Acquired 1190 gold pieces
 41881 | Swamp:3  | Learned a level 5 spell: Irradiate
 42065 | Orc:2    | Bought the ring of Orros {AC+4 Int+4} for 514 gold pieces
 42280 | Swamp:4  | Entered Level 4 of the Swamp
 42474 | Swamp:4  | Paralysed by a fenstrider witch for 3 turns
 42513 | Swamp:4  | Reached skill level 19 in Unarmed Combat
 42808 | Swamp:4  | Reached skill level 1 in Transmutations
 43030 | Swamp:4  | Reached skill level 10 in Shields
 43096 | Swamp:4  | Got a decaying rune of Zot
 43479 | Elf:1    | Entered Level 1 of the Elven Halls
 43482 | Elf:1    | Reached XP level 19. HP: 167/167 MP: 27/27
 43485 | Elf:1    | Paralysed by an air elemental for 1 turns
 43779 | Elf:1    | Found Amez's Book Shop.
 43964 | Elf:1    | Found a runed translucent gate.
 43964 | Elf:1    | Found a runed translucent gate.
 43964 | Elf:1    | Found a runed translucent gate.
 43964 | Elf:1    | Found a runed translucent gate.
 43964 | Elf:1    | Found a runed translucent gate.
 43967 | Elf:1    | Found a runed translucent gate.
 44198 | Elf:1    | Paralysed by an air elemental for 1 turns
 44885 | Elf:2    | Noticed Zenata
 44901 | Elf:2    | Killed Zenata
 44920 | Elf:2    | Found Amped's Magic Scroll Shop.
 45110 | Elf:2    | Reached skill level 5 in Stealth
 45217 | Elf:2    | Acquired 1058 gold pieces
 45293 | Elf:2    | Found a huge runed translucent gate.
 45293 | Elf:2    | Found a huge runed translucent gate.
 45293 | Elf:2    | Found a huge runed translucent gate.
 45293 | Elf:2    | Found a huge runed translucent gate.
 45299 | Elf:2    | Found a huge runed translucent gate.
 46455 | Elf:3    | Entered Level 3 of the Elven Halls
 46598 | Elf:3    | Noticed Asterion
 46619 | Elf:3    | Killed Asterion
 46637 | Elf:3    | Found Migounogg's Assorted Antiques.
 46998 | Elf:3    | Reached XP level 20. HP: 120/176 MP: 28/28
 47388 | Elf:3    | Identified the ring of Erybiv {rPois Will- Dex+3 SInv}
 47442 | Elf:3    | Reached skill level 5 in Conjurations
 47458 | Elf:2    | Bought a scroll of teleportation for 42 gold pieces
 47458 | Elf:2    | Bought a scroll of teleportation for 42 gold pieces
 47698 | Elf:3    | Noticed a Brimstone Fiend
 47698 | Elf:3    | Identified the amulet "Recolon" {Acrobat rC+++ rN+ Str+2
                  | Dex-2}
 47713 | Elf:3    | Reached skill level 5 in Transmutations
 47768 | Elf:3    | Identified the +6 hand crossbow of Ingit {venom, rN++
                  | Str+2}
 47778 | Elf:3    | Got the Octavo of Conduction
 47780 | Elf:3    | Identified the +2 kite shield of Spring {-Cast Fly rC+
                  | Str+4}
 47845 | Elf:3    | Identified the ring of the Heron {EV+4 Int+6 Stlth-}
 47885 | Elf:3    | Identified the ring "Cuxycwob" {Fire Dex+2}
 47909 | Elf:3    | Identified the +0 quarterstaff of Dust {vamp, rF- Will-
                  | rCorr Dex+10}
 47993 | Elf:3    | Identified the +1 mace of the Threshing Priest {freeze,
                  | rElec Will+ Str+6}
 48003 | Elf:3    | Identified the +6 sling of Xouss {venom, rElec rPois rC+}
 48230 | Vaults:1 | Entered Level 1 of the Vaults
 48230 | Vaults:1 | Found Ewkausho's Assorted Antiques.
 49337 | Vaults:1 | Reached skill level 15 in Fighting
 49582 | Vaults:1 | Reached XP level 21. HP: 174/184 MP: 31/31
 50181 | Vaults:2 | Reached skill level 20 in Unarmed Combat
 50691 | Vaults:2 | Found Uhekets's Assorted Antiques.
 50732 | Vaults:2 | Bought a scroll of immolation for 128 gold pieces
 51007 | Vaults:2 | Found a staircase to the Crypt.
 51891 | Vaults:3 | one ticket to Abyss, please
 51929 | Abyss:3  | Found a corrupted altar of Lugonu.
 51929 | Abyss:3  | Found a corrupted altar of Lugonu.
 51929 | Abyss:3  | Cast into level 3 of the Abyss (a wizard)
 52029 | Abyss:3  | Got an abyssal rune of Zot
 52278 | Abyss:3  | Paralysed by accursed screaming for 1 turns
 52313 | Vaults:2 | Escaped the Abyss
 52420 | Vaults:3 | Found Docanig's Assorted Antiques.
 52428 | Vaults:3 | Bought a scroll labelled VUKUDWURHO for 30 gold pieces
 52456 | Vaults:3 | Found Qillyete's Book Boutique.
 52775 | Vaults:3 | Found Rienax's Assorted Antiques.
 52941 | Vaults:3 | Found Qead's General Store.
 52949 | Vaults:3 | Bought a +2 pair of gloves of strength for 408 gold pieces
 53160 | Vaults:3 | Reached XP level 22. HP: 180/193 MP: 33/33
 53179 | Vaults:3 | Found Jikagh's Weapon Shop.
 53936 | Vaults:4 | Identified the +6 great mace of Annoyance {elec, *Corrode
                  | rN+ Int+3 SInv}
 54485 | Vaults:5 | Entered Level 5 of the Vaults
 54734 | Crypt:1  | Entered Level 1 of the Crypt
 54769 | Crypt:1  | Noticed Aizul
 54787 | Vaults:2 | Killed Aizul
 56706 | Crypt:3  | Entered Level 3 of the Crypt
 57004 | Crypt:3  | Reached XP level 23. HP: 137/202 MP: 35/35
 57703 | Crypt:3  | Found a staircase to the Tomb.
 57870 | Crypt:3  | Noticed a dread lich
 57870 | Crypt:3  | Noticed an ancient lich
 57929 | Crypt:3  | Killed a dread lich
 57930 | Crypt:3  | Reached skill level 10 in Spellcasting
 57930 | Crypt:3  | Reached skill level 10 in Transmutations
 57978 | Crypt:3  | Killed an ancient lich
 57987 | Crypt:3  | Got the Papyrus of Malignant Rites
 57989 | Crypt:3  | Got the Directory of Intoxication and the Congregation
 57990 | Crypt:3  | Identified the +7 rapier of Wavit {freeze, rPois rF+}
 57995 | Crypt:3  | Identified the ring of the Barracuda {rElec EV+4 Dex-3
                  | Stlth+}
 58964 | Tomb:1   | Entered Level 1 of the Tomb of the Ancients
 59459 | Tomb:1   | Noticed a royal mummy
 59462 | Tomb:1   | Reached skill level 10 in Conjurations
 59469 | Tomb:1   | Killed a royal mummy
 59469 | Tomb:1   | Noticed a royal mummy
 59490 | Tomb:1   | Killed a royal mummy
 60321 | Vaults:3 | You fall into a shaft and drop 1 floor!
 60519 | Vaults:5 | Identified the +1 morningstar of the Harvest {drain, rElec
                  | Str+3}
 60651 | Vaults:5 | Got a silver rune of Zot
 60653 | Vaults:5 | Got the Treatise on Blasts
 60762 | Vaults:5 | Reached XP level 24. HP: 158/212 MP: 36/36
 60963 | Vaults:5 | Noticed a dread lich
 60977 | Vaults:5 | Killed a dread lich
 61155 | Vaults:5 | Noticed an ancient lich
 61157 | Vaults:5 | Killed from afar by an ancient lich

Illustrated notes

.................
.................
......###†########
......#..†.......#
..... #....p.....#
..... #..........#
.... #..........#
.... #..........#
#.....@....#
#..........#
#..........#
############


Turn 51891 on Vaults:3: one ticket to Abyss, please

Levels and vault maps discovered:
D:1:      scummos_arrival_star, layout_basic
D:2:      layout_loops_ring, corexii_hall_statues_i, minmay_pentomino_x4,
          uniq_terence, uniq_sigmund
D:3:      layout_rooms, grunt_temple_overflow_open, serial_park_tiny_2,
          uniq_ijyb, uniq_crazy_yiuf_cottage
D:4:      layout_basic, ebering_ghost_sewer_d, uniq_pikel
D:5:      layout_gridville, minmay_temple_entry_tees, serial_glass,
          glass_columns_a, glass_columns_b, minivault_27
D:6:      layout_basic
D:7:      layout_cave_pods, lemuel_flame_loot_1
D:8:      layout_basic, st_stairs_3
D:9:      layout_loops_ring, david_lair_generic, serial_shops,
          nicolae_shop_waterfront, chequers_serial_rivers_marsh, uniq_grum
D:10:     nzn_winding_woodlands_small
          [nzn_winding_woodlands_5x15_pathside_ponds,
          nzn_winding_woodlands_center_pierced_h,
          nzn_winding_woodlands_5x15_lazy_stream], layout_loops_ring,
          hiddenorc2_lemuel, serial_shops, nicolae_shop_hallway_stairs,
          nicolae_shop_hallway_plus, shop, nicolae_diamond_shop,
          nicolae_shop_competitors_out_of_business, uniq_fannar, uniq_erolcha
D:11:     layout_gridville, serial_demonic, serial_demonic_c, serial_demonic_d,
          serial_demonic_f, serial_demonic_g, fedhas_altar_2, uniq_harold,
          uniq_lodul
D:12:     layout_basic, uniq_azrael
D:13:     layout_irregular_city, grunt_vaults_entry_fortified, serial_shops,
          bzr_firewalk, uniq_rupert
D:14:     layout_cave_pods, maelrawn_ghost_gauntlet_escape,
          gauntlet_entry_generic, nicolae_kite_square_tiling_tiny, serial_shops,
          nicolae_shop_behind_doors, nicolae_vehumet_altar_sigil, uniq_louise
D:15:     hangedman_depths_entry_civil_slaughter, layout_gridville,
          dreamdust_wishing_well, uniq_jorgrun
Lair:1:   layout_cave_pods, special_room [special_room_bee], uniq_joseph,
          uniq_gastronok
Lair:2:   layout_long_grid, skrybe_swamp_entry_bodies
Lair:3:   layout_concentric_octagons, spider_nest_entry_funnel_web,
          chequers_serial_rivers_small_a, st_stairs_8, uniq_amaemon
Lair:4:   layout_roguey, grunt_megastairs_3
Lair:5:   cheibrodos_lair_end_hotspot, layout_hall_layers, slime_entry_1,
          uniq_urug
Swamp:1:  layout_basic_swamp, evilmike_swamp_ruin_rubble_1, swamp_pool1,
          infiniplex_staircase_pool_2
Swamp:2:  gammafunk_worm_tunnel, layout_basic_swamp, evilmike_swamp_ruin_house_3
Swamp:3:  layout_basic_swamp, serial_swamp_ruin, evilmike_swamp_ruin_house_2,
          evilmike_swamp_ruin_rubble_2, evilmike_swamp_ruin_house_5
Swamp:4:  swamp_basic_johnstein, layout_basic_swamp
Spider:1: layout_cave_pods, uniq_donald
Spider:2: layout_chambers, uniq_arachne, uniq_mlioglotl, uniq_frances
Spider:3: layout_chambers, hellmonk_watch_for_rolling_rocks
Spider:4: spider_rune_water
Orc:1:    layout_caves, uniq_nergalle
Orc:2:    grunt_orc_cross, layout_caves, serial_shops, nicolae_lakefront_shop
Elf:1:    elf_arrival_002, layout_geoelf_octagon, serial_shops, shop,
          orc_legates
Elf:2:    elven_hall_of_blades_hangedman_alternative [grunt_blade_entry_basic],
          layout_rooms, serial_shops, nicolae_shop_stone, st_stairs_13,
          minivault_26, uniq_zenata
Elf:3:    minmay_elf_hall_spiked, layout_loops_corners, serial_shops, shop,
          hangedman_elf_power_crystal, uniq_asterion
Vaults:1: st_octagons_2, hangedman_vaults_stagger, nicolae_vaults_alarming,
          v_misc_2, grunt_vaults_swirl, nicolae_vaults_diagonal_hallway_7,
          vaults_room_door_hall, v_pattern_5, nicolae_vaults_little_ls,
          ontoclasm_vaults_ring_small, nicolae_vaults_little_squares_5,
          vaults_room_stairs_pillars, serial_ice_h, layout_vaults_ring,
          serial_shops, nicolae_shop_overgrown_old_shop
Vaults:2: minmay_crypt_entry_vampire_xt, v_misc_19, vaults_mumra_minichess,
          st_smaller_cells, vaults_room_grid, nicolae_vaults_ninety_degrees,
          hangedman_vaults_capsules, v_rooms_6, nicolae_vaults_triangles,
          hangedman_vaults_cutoff, serial_ice_m,
          ontoclasm_vaults_decontamination, layout_vaults_maze, serial_shops,
          nicolae_shop_overgrown_old_shop
Vaults:3: v_misc_25, nicolae_vaults_network_star, v_misc_30,
          vaults_dpeg_emergency_exit, ontoclasm_vaults_chip,
          layout_vaults_omnigrid, serial_shops, shop,
          nicolae_shop_hallway_stairs, shop, nicolae_shop_bloodbath_and_beyond,
          nicolae_shop_stone
Vaults:4: vaults_mumra_lcd, vaults_standard_mumra_enter_the_diamond,
          hangedman_vaults_variations, grunt_vaults_hallway_long,
          nicolae_vaults_asterisk, vaults_dpeg_diagonal,
          hangedman_vaults_river_flow, v_misc_28, dpeg_vaults_monster_box,
          layout_vaults_big_room
Vaults:5: serial_shops
Crypt:1:  layout_regular_city, serial_sigils, serial_sigils_hangedman_writhe,
          serial_sigils_hangedman_shear, serial_sigils_hangedman_confine,
          serial_sigils_hangedman_snap, serial_sigils_hangedman_clutch,
          serial_sigils_hangedman_quiver, columned_hall_lemuel, uniq_aizul
Crypt:2:  layout_misc_corridors
Crypt:3:  david_glass_crypt, layout_basic,
          nicolae_tomb_entry_unfolded_pyramid_orthogonal
Tomb:1

Skill      XL: |  1  2  3  4  5  6  7  8  9 10 11 12 13 14 15 16 17 18 19 20 21 22 23 24 |
---------------+-------------------------------------------------------------------------+-----
Conjurations   | 1 2 4 6 7 9 10 11 | 11.0
Spellcasting   | 2 3 4 5 6 7 8 9 10 | 10.7
Unarmed Combat | 1 2 3 5 7 8 10 12 14 15 16 17 18 19 20 | 20.4
Fighting       | 1 3 5 6 7 8 9 10 11 12 13 14 15 16 | 16.8
Armour         | 1 3 5 6 7 8 9 10 11 12 13 | 13.8
Invocations    | 2 4 5 6 7 8 9 11 12 13 | 13.4
Fire Magic     | 3 |  3.0
Evocations     | 1 3 4 5 6 7 8 10 11 | 11.2
Throwing       | 2 4 5 6 |  6.0
Dodging        | 2 3 4 5 6 7 8 9 |  9.3
Shields        | 1 4 5 6 8 10 11 12 | 12.7
Translocations | 1 3 4 6 7 |  7.0
Stealth        | 3 4 5 |  5.0
Transmutations | 1 4 6 7 9 11 | 11.5

Action                   |  1- 3 |  4- 6 |  7- 9 | 10-12 | 13-15 | 16-18 | 19-21 | 22-24 || total
-------------------------+-------+-------+-------+-------+-------+-------+-------+-------++-------
Melee: Unarmed           |    21 |    51 |   210 |   673 |  1260 |  1703 |  1470 |  1344 ||  6732
       Punch             |       |       |     6 |    21 |       |       |       |       ||    27
Throw: Stone             |       |     2 |     6 |     8 |    11 |    34 |    85 |    13 ||   159
       Boomerang         |       |       |       |    88 |    40 |   288 |       |       ||   416
       Dart              |       |       |       |    18 |       |    14 |       |       ||    32
       Throwing net      |       |       |       |     6 |     3 |       |       |     2 ||    11
       Javelin           |       |       |       |       |       |     1 |    14 |       ||    15
 Cast: Foxfire           |    58 |    73 |   146 |    39 |       |       |       |       ||   316
       Blink             |       |       |       |       |       |       |     1 |       ||     1
Invok: Line Pass         |       |       |     1 |     5 |     6 |     3 |     6 |     3 ||    24
       Grand Finale      |       |       |       |     2 |       |     1 |     6 |     4 ||    13
       Stomp             |       |       |       |       |     1 |     1 |     2 |       ||     4
Evoke: Wand              |       |       |     3 |     2 |    26 |    23 |    14 |     5 ||    73
       Phial of floods   |       |       |       |       |     2 |     1 |     5 |     1 ||     9
       Condenser vane    |       |       |       |       |       |       |     8 |     6 ||    14
  Use: Scroll            |     3 |     4 |     2 |    16 |    18 |    13 |    18 |     1 ||    75
       Potion            |       |       |       |       |     6 |     3 |     4 |     1 ||    14
 Stab: Paralysed         |       |     2 |     5 |    24 |    87 |   116 |   126 |   120 ||   480
       Sleeping          |       |     1 |     1 |       |       |       |       |       ||     2
       Confused          |       |       |     1 |     1 |       |     2 |     2 |       ||     6
       Held in net/web   |       |       |       |     3 |       |       |       |     3 ||     6
       Invisible         |       |       |       |       |    29 |    35 |    17 |     9 ||    90
Armor: Robe              |     8 |    14 |       |       |       |       |       |       ||    22
       Leather armour    |       |       |    90 |    17 |     5 |       |       |       ||   112
       Scale mail        |       |       |       |   297 |   494 |       |       |       ||   791
       Chain mail        |       |       |       |       |    61 |   247 |       |       ||   308
       Plate armour      |       |       |       |       |       |   670 |   727 |   515 ||  1912
Dodge: Dodged            |    17 |    29 |   119 |   261 |   612 |   759 |   479 |   543 ||  2819
Block: Buckler           |       |       |       |    58 |   220 |   321 |       |       ||   599
       Kite shield       |       |       |       |       |       |   274 |   737 |   688 ||  1699
